 Dungeon Crawl Stone Soup version 0.31-a0-625-gc9c7e45f3f (webtiles) character file.

Game seed: 11367458592960070747

438 AdnanSaban the Covered (level 7, -10/43 HPs)
             Began as a Gargoyle Fighter on Aug 24, 2023.
             Mangled by an ogre
             ... wielding a +0 giant club
              (17 damage)
             ... on level 4 of the Dungeon.
             The game lasted 00:02:55 (3136 turns).

AdnanSaban the Covered (Gargoyle Fighter)           Turns: 3136, Time: 00:02:56

Health: -10/43     AC: 15    Str: 21    XL:     7   Next: 1%
Magic:  7/7        EV:  9    Int:  9    God:
Gold:   106        SH:  4    Dex:  9    Spells: 6/6 levels left

rFire   . . .        a - +0 flail
rCold   . . .        c - +0 buckler
rNeg    + . .        b - +0 scale mail
rPois   ∞            m - +0 helmet
rElec   +            (no cloak)
rCorr   .            l - +0 pair of gloves
SInv    .            o - +0 pair of boots
Will    .....        (no amulet) Stlth
                     (no ring)
HPRegen 0.27/turn    (no ring)
MPRegen 0.10/turn

%: no passive effects
@: no status effects
A: sickness immunity, AC +4, negative energy resistance 1, electricity
resistance, torment resistance 1, petrification resistance
a: no special abilities


You were on level 4 of the Dungeon.
You visited 1 branch of the dungeon, and saw 4 of its levels.

You collected 106 gold pieces.

Inventory:

Hand Weapons
 a - a +0 flail (weapon)
Missiles
 s - 3 javelins (quivered)
 u - 5 silver javelins
Armour
 b - a +0 scale mail (worn)
 c - a +0 buckler (worn)
 l - a +0 pair of gloves (worn)
 m - a +0 helmet (worn)
 o - a +0 pair of boots (worn)
Jewellery
 e - a ring of fire
 i - a +6 ring of intelligence
Wands
 p - a wand of flame (29)
Scrolls
 f - a scroll of poison {unknown}
 h - 4 scrolls of identify {unknown}
 q - a scroll of teleportation {unknown}
 r - a scroll of silence {unknown}
 t - a scroll of fear {unknown}
Potions
 d - a potion of might
 g - 3 potions of curing {unknown}
 j - a potion of brilliance {unknown}
 k - a potion of haste {unknown}
 n - a potion of magic {unknown}


   Skills:
 + Level 4.2 Fighting
 + Level 4.8 Maces & Flails
 + Level 4.8 Armour
 + Level 1.1 Dodging
 + Level 0.7 Stealth
 + Level 4.5 Shields


You had 6 spell levels left.
You didn't know any spells.
Your spell library was empty.

Dungeon Overview and Level Annotations

Branches:
Dungeon (4/15)
 Temple: D:4-7

Altars:
Gozag

Shops:
D:3 (


Innate Abilities, Weirdness & Mutations

You are immune to sickness and miasma.
Your stone body is resilient. (AC +4)
You are immune to poison.
You resist negative energy. (rN+)
You are resistant to electric shocks. (rElec)
You are resistant to unholy torment.
You are immune to petrification.


Message History

The adder is heavily wounded.
The adder bites you but does no damage. x2
You closely miss the adder.
The adder is heavily wounded.
The adder barely misses you.
You barely miss the adder.
The adder is heavily wounded.
The adder bites you but does no damage. The adder barely misses you.
You barely miss the adder.
The adder is moderately wounded.
The adder bites you but does no damage.
You barely miss the adder.
The adder is moderately wounded.
The adder bites you. You block the adder's attack.
You miss the adder.
The adder is moderately wounded.
The adder bites you but does no damage.
You sock the adder!
You kill the adder!
You have reached level 7!
HP restored.
You see here a +0 spear of venom.
An ogre comes into view. It is wielding a +0 giant club.
The ogre shouts!
An ogre is nearby!
You throw a javelin. The javelin barely misses the ogre.
You throw a javelin. The javelin pierces through the ogre!
The ogre is heavily wounded.
The ogre hits you with a +0 giant club!
You hit the ogre.
The ogre is severely wounded.
The ogre hits you with a +0 giant club!!
Ouch! That really hurt!
* * * LOW HITPOINT WARNING * * *
You are too injured to fight recklessly!
You are too injured to fight recklessly!
You sock the ogre!
The ogre is almost dead.
The ogre hits you with a +0 giant club!
You die...

#..###.###### #.###.##
#..# #.# #.# #...
#..###.# #.###.##
#..##..# #.....#
#..##.## ####.##
###..##. ## #.#
.....##.###.## #.#
.......#...#.# #.#
#@#)#.########.#
....(.O.#............#
###########.##########
#.# #.# #.# #.# #.#
#.#


You could see an ogre.

Vanquished Creatures
  Sigmund (D:3)
  A jelly (D:3)
  Jessica (D:2)
  Terence (D:2)
  Ijyb (D:3)
  7 gnolls
  2 adders
  A worm (D:2)
  An orc (D:4)
  4 bats
  9 endoplasms
  4 giant cockroaches
  10 goblins
  7 hobgoblins
  4 jackals (D:1)
  3 quokkas
  9 ball pythons
  3 frilled lizards
  5 kobolds
  2 rats (D:3)
76 creatures vanquished.

Notes
Turn   | Place    | Note
-------+----------+-------------------------------------------
     0 | D:1      | AdnanSaban the Gargoyle Fighter began the quest for the
                  | Orb.
     0 | D:1      | Reached XP level 1. HP: 14/14 MP: 1/1
    91 | D:1      | Reached XP level 2. HP: 13/19 MP: 2/2
   467 | D:1      | Reached XP level 3. HP: 23/23 MP: 3/3
  1019 | D:2      | Reached XP level 4. HP: 19/29 MP: 4/4
  1141 | D:2      | Noticed Terence
  1152 | D:2      | Killed Terence
  1421 | D:2      | Noticed Jessica
  1423 | D:2      | Killed Jessica
  1424 | D:2      | Reached XP level 5. HP: 24/33 MP: 5/5
  1825 | D:3      | Noticed Sigmund
  1836 | D:3      | Killed Sigmund
  1837 | D:3      | Reached skill level 1 in Dodging
  1837 | D:3      | Reached XP level 6. HP: 35/38 MP: 6/6
  1917 | D:3      | Noticed Ijyb
  1923 | D:3      | Killed Ijyb
  2027 | D:3      | Found Deopima's Weapon Boutique.
  2054 | D:3      | Found an opulent altar of Gozag.
  3110 | D:4      | Reached XP level 7. HP: 40/43 MP: 7/7
  3136 | D:4      | Mangled by an ogre

Illustrated notes

Levels and vault maps discovered:
D:1:      onia_arrival_pyramid, layout_loops_corners, solitary_fountain
D:2:      layout_loops_ring, uniq_jessica, uniq_terence
D:3:      layout_basic, mainiacjoe_overflow_24_doors, serial_shops, shop,
          uniq_sigmund, uniq_ijyb
D:4:      layout_loops_ring, lemuel_crystal_altar, uniq_crazy_yiuf_cottage,
          uniq_duvessa

Skill      XL: |  1  2  3  4  5 |
---------------+----------------+-----
Maces & Flails | 3 4 |  4.8
Shields        | 4 |  4.5
Armour         | 4 |  4.8
Fighting       | 4 |  4.2
Dodging        | 1 |  1.1
Stealth        | |  0.7

Action                     |  1- 3 |  4- 6 |  7- 9 || total
---------------------------+-------+-------+-------++-------
  Melee: Flail             |   106 |   149 |     2 ||   257
  Throw: Javelin           |       |       |     2 ||     2
 Armour: Scale mail        |    49 |    88 |       ||   137
  Dodge: Dodged            |    39 |    76 |       ||   115
  Block: Buckler           |    24 |    38 |       ||    62

Table legend: (Time is in decaauts)
 A = Elapsed time spent in this place.
 B = Non-inter-level travel time spent in this place.
 C = Inter-level travel time spent in this place.
 D = Time resting spent in this place.
 E = Time spent auto-exploring this place.
 F = Levels seen in this place.
 G = Mean time per level.
                   A        B        C        D        E       F      G
               +--------+--------+--------+--------+--------+-----+--------+
         Total |   3207 |   3093 |    114 |    178 |   2292 |   4 |  801.8 |
       Dungeon |   3207 |   3093 |    114 |    178 |   2292 |   4 |  801.8 |
               +--------+--------+--------+--------+--------+-----+--------+

Top non-repeatable levels by time:
     D:1: 995 daAuts
     D:3: 979 daAuts
     D:2: 879 daAuts
     D:4: 353 daAuts
